 Dungeon Crawl Stone Soup version 0.28.0-53-g5a82cb258f (webtiles) character file.

Game seed: 16749639417525274484

534 Renzlar the Shield-Bearer (level 7, -3/60 HPs)
             Began as a Gnoll Fighter on Aug 5, 2022.
             Was an Initiate of Okawaru.
             Slain by a gnoll shaman
             ... wielding a +0 whip
              (8 damage)
             ... on level 5 of the Dungeon.
             The game lasted 00:12:59 (3957 turns).

Renzlar the Shield-Bearer (Gnoll Fighter)           Turns: 3957, Time: 00:13:00

Health: -3/60      AC: 11    Str: 17    XL:     7   Next: 25%
Magic:  10/10      EV:  7    Int:  7    God:    Okawaru [......]
Gold:   192        SH:  5    Dex: 12    Spells: 10/10 levels left

rFire   . . .      SeeInvis +   a - +1 war axe
rCold   . . .      Faith    .   i - +0 buckler
rNeg    . . .      Spirit   .   r - +0 chain mail
rPois   .          Reflect  .   (no helmet)
rElec   .          Harm     .   p - +0 cloak
rCorr   .          Rampage  .   (no gloves)
Will    .....                   (no boots)
Stlth   ..........              (no amulet)
HPRegen 0.20/turn               k - ring of see invisible
MPRegen 0.12/turn               (no ring)

@: lit by a corona, hasted, glowing, very quick
A: fangs 1, strong nose, distributed training
a: Renounce Religion


You were on level 5 of the Dungeon.
You worshipped Okawaru.
Okawaru was noncommittal.
You visited 2 branches of the dungeon, and saw 6 of its levels.

You collected 192 gold pieces.

Inventory:

Hand Weapons
 a - a +1 war axe (weapon)
 c - a +0 hunting sling
Missiles
 f - 102 sling bullets
 h - 264 stones (quivered)
 j - 10 bolts
 t - 3 datura-tipped darts
Armour
 b - a +1 scale mail
 i - a +0 buckler (worn)
 p - a +0 cloak (worn)
 r - a +0 chain mail (worn)
Jewellery
 k - a ring of see invisible (left hand)
Wands
 d - a wand of polymorph (6)
 n - a wand of flame (19)
 q - a wand of digging (3)
Scrolls
 o - a scroll of enchant armour
Potions
 e - 3 potions of haste
 g - 5 potions of curing
 l - 2 potions of flight
 s - a potion of might
 u - a potion of lignification


   Skills:
 + Level 7.0 Fighting
 + Level 2.3 Short Blades
 + Level 2.3 Long Blades
 + Level 5.2 Axes
 + Level 2.3 Maces & Flails
 + Level 2.3 Polearms
 + Level 2.3 Staves
 + Level 2.3 Slings
 + Level 2.3 Bows
 + Level 2.3 Crossbows
 + Level 2.3 Throwing
 + Level 7.0 Armour
 + Level 2.3 Dodging
 + Level 2.3 Stealth
 + Level 7.0 Shields
 + Level 2.3 Unarmed Combat
 + Level 2.3 Spellcasting
 + Level 1.9 Conjurations
 + Level 1.9 Hexes
 + Level 1.9 Summonings
 + Level 1.9 Necromancy
 + Level 1.9 Translocations
 + Level 1.9 Transmutations
 + Level 1.9 Fire Magic
 + Level 1.9 Ice Magic
 + Level 1.9 Air Magic
 + Level 1.9 Earth Magic
 + Level 1.9 Poison Magic
 + Level 2.6 Invocations
 + Level 2.3 Evocations


You had 10 spell levels left.
You didn't know any spells.
Your spell library contained the following spells:

 Spells                   Type           Power      Damage    Failure   Level
 Frozen Ramparts          Ice            6%         1d2       100%        3
 Ice Form                 Ice/Tmut       3%         N/A       100%        4
 Summon Ice Beast         Ice/Summ       Unusable   N/A       N/A         4

Dungeon Overview and Level Annotations

Branches:
Dungeon (5/15)             Temple (1/1) D:4

Altars:
Gozag
Hepliaklqana
Nemelex Xobeh
Okawaru
Qazlal
Xom
The Shining One

Shops:
D:5 *


Innate Abilities, Weirdness & Mutations

You have very sharp teeth.
Your uncanny sense of smell can sniff out nearby items.
Your experience applies equally to all skills.


Message History

The gnoll shaman is lightly wounded.
The gnoll shaman barely misses you. The gnoll shaman closely misses you.
You closely miss the gnoll shaman.
You bite the gnoll shaman, but do no damage.
The gnoll shaman is lightly wounded.
The gnoll shaman hits you with a +0 whip.
You hit the gnoll shaman. Your bite misses the gnoll shaman.
The gnoll shaman is moderately wounded.
The gnoll shaman hits you with a +0 whip.
You hit the gnoll shaman but do no damage.
You bite the gnoll shaman, but do no damage.
The gnoll shaman is moderately wounded.
The gnoll shaman calls down the wrath of its god upon you.
You are outlined in light.
You hit the gnoll shaman but do no damage.
Your bite misses the gnoll shaman.
The gnoll shaman is moderately wounded.
The gnoll shaman calls upon its god to speed up something.
A gnoll comes into view. It is wielding a +0 halberd.
The gnoll shaman hits you but does no damage.
The gnoll shouts!
You hit the gnoll shaman but do no damage.
The gnoll shaman is moderately wounded.
You hear a shout!
You block the gnoll's attack.
The gnoll shaman hits you with a +0 whip!
* * * LOW HITPOINT WARNING * * *
Unknown command.
You slash the gnoll shaman!
The gnoll shaman is almost dead.
The gnoll hits you from afar with a +0 halberd!
* * * LOW HITPOINT WARNING * * *
The gnoll shaman hits you but does no damage.
The gnoll hits you but does no damage.
Unknown command.
You feel yourself speed up.
The gnoll hits you from afar with a +0 halberd.
* * * LOW HITPOINT WARNING * * *
The gnoll shaman hits you with a +0 whip!
You die...

#.#
#.............##..###
#.#
###########.####..#
#.# #.. #.# #..# #.#
#.# #.# # #.# #)# #.
#.# #.# #.# #.#
#.####.####(#
#.......@gg.#
######.###### #+#


You could see a gnoll shaman and a gnoll (fast).

Vanquished Creatures
  The ghost of oldmanjim the Changer, an amateur OpTm (D:3)
  An ogre (D:4)
  2 scorpions
  A hound (D:5)
  A bullfrog zombie (D:5)
  Ijyb (D:1)
  A hound skeleton (D:4)
  3 gnolls (D:5)
  2 adders
  A worm (D:3)
  An orc (D:4)
  4 ball pythons
  5 endoplasms
  2 giant cockroaches
  13 goblins
  13 hobgoblins
  5 kobolds
  4 quokkas
  7 bats
  A frilled lizard (D:1)
  A quokka skeleton (D:4)
  3 rats
73 creatures vanquished.

Vanquished Creatures (others)
  A plant (D:3)
1 creature vanquished.

Grand Total: 74 creatures vanquished

Notes
Turn   | Place    | Note
-------+----------+-------------------------------------------
     0 | D:1      | Renzlar the Gnoll Fighter began the quest for the Orb.
     0 | D:1      | Reached XP level 1. HP: 23/23 MP: 1/1
    74 | D:1      | Reached XP level 2. HP: 27/29 MP: 2/2
   750 | D:2      | Reached XP level 3. HP: 35/35 MP: 3/3
   986 | D:2      | Noticed Ijyb
  1186 | D:1      | Killed Ijyb
  1187 | D:1      | Reached skill level 1 in Short Blades
  1187 | D:1      | Reached skill level 1 in Long Blades
  1187 | D:1      | Reached skill level 1 in Maces & Flails
  1187 | D:1      | Reached skill level 1 in Polearms
  1187 | D:1      | Reached skill level 1 in Staves
  1187 | D:1      | Reached skill level 1 in Slings
  1187 | D:1      | Reached skill level 1 in Bows
  1187 | D:1      | Reached skill level 1 in Crossbows
  1187 | D:1      | Reached skill level 1 in Throwing
  1187 | D:1      | Reached skill level 1 in Dodging
  1187 | D:1      | Reached skill level 1 in Stealth
  1187 | D:1      | Reached skill level 1 in Unarmed Combat
  1187 | D:1      | Reached skill level 1 in Spellcasting
  1187 | D:1      | Reached skill level 1 in Invocations
  1187 | D:1      | Reached skill level 1 in Evocations
  1283 | D:2      | Reached XP level 4. HP: 41/41 MP: 5/5
  1632 | D:3      | Found a runed translucent door.
  1635 | D:3      | Noticed oldmanjim's ghost (amateur OpTm)
  1657 | D:3      | Killed oldmanjim's ghost
  1658 | D:3      | Reached skill level 1 in Conjurations
  1658 | D:3      | Reached skill level 1 in Hexes
  1658 | D:3      | Reached skill level 1 in Summonings
  1658 | D:3      | Reached skill level 1 in Necromancy
  1658 | D:3      | Reached skill level 1 in Translocations
  1658 | D:3      | Reached skill level 1 in Transmutations
  1658 | D:3      | Reached skill level 1 in Fire Magic
  1658 | D:3      | Reached skill level 1 in Ice Magic
  1658 | D:3      | Reached skill level 1 in Air Magic
  1658 | D:3      | Reached skill level 1 in Earth Magic
  1658 | D:3      | Reached skill level 1 in Poison Magic
  1658 | D:3      | Reached XP level 5. HP: 29/47 MP: 5/7
  1921 | D:3      | Found a stormy altar of Qazlal.
  2214 | D:4      | Noticed an ogre
  2221 | D:4      | Killed an ogre
  2222 | D:4      | Reached skill level 5 in Axes
  2222 | D:4      | Reached XP level 6. HP: 53/53 MP: 8/8
  3025 | D:4      | Found a staircase to the Ecumenical Temple.
  3035 | Temple   | Entered the Ecumenical Temple
  3055 | Temple   | Became a worshipper of Warmaster Okawaru
  3677 | D:5      | Entered Level 5 of the Dungeon
  3714 | D:5      | Found Soirph's General Store.
  3802 | D:5      | Reached XP level 7. HP: 55/59 MP: 10/10
  3957 | D:5      | Slain by a gnoll shaman

Illustrated notes

Levels and vault maps discovered:
D:1:      lemuel_arrival_funnel, layout_basic
D:2:      kennysheep_the_goblin_king, layout_loops_ring, serial_glass,
          glass_columns_b, glass_columns_a, glass_columns_b, glass_columns_a,
          glass_columns_c, glass_columns_a, glass_columns_b, glass_columns_b
D:3:      layout_basic, grunt_qazlal_sundering, hellmonk_ghost_happy_afterlife,
          serial_bayou_pond_c
D:4:      layout_layer_cave, lemuel_temple_firewalk_b, minivault_5,
          nrook_campfire, minmay_checkerbox
D:5:      layout_basic, serial_shops, shop, uniq_ijyb, uniq_menkaure,
          uniq_sigmund
Temple:   mainiacjoe_temple_circle_huts

Skill      XL: |  1  2  3  4  5  6  7 |
---------------+----------------------+-----
Short Blades   | 1 2 |  2.3
Long Blades    | 1 2 |  2.3
Maces & Flails | 1 2 |  2.3
Polearms       | 1 2 |  2.3
Staves         | 1 2 |  2.3
Slings         | 1 2 |  2.3
Bows           | 1 2 |  2.3
Crossbows      | 1 2 |  2.3
Throwing       | 1 2 |  2.3
Dodging        | 1 2 |  2.3
Stealth        | 1 2 |  2.3
Unarmed Combat | 1 2 |  2.3
Spellcasting   | 1 2 |  2.3
Invocations    | 1 2 |  2.6
Evocations     | 1 2 |  2.3
Conjurations   | 1 |  1.9
Hexes          | 1 |  1.9
Summonings     | 1 |  1.9
Necromancy     | 1 |  1.9
Translocations | 1 |  1.9
Transmutations | 1 |  1.9
Fire Magic     | 1 |  1.9
Ice Magic      | 1 |  1.9
Air Magic      | 1 |  1.9
Earth Magic    | 1 |  1.9
Poison Magic   | 1 |  1.9
Axes           | 5 |  5.2
Fighting       | 7 |  7.0
Armour         | 7 |  7.0
Shields        | 7 |  7.0

Action                   |  1- 3 |  4- 6 |  7- 9 || total
-------------------------+-------+-------+-------++-------
Melee: War axe           |    66 |    78 |    25 ||   169
       Bite              |     5 |     2 |     4 ||    11
       Unarmed           |    11 |       |       ||    11
 Fire: Hunting sling     |       |    61 |     5 ||    66
Evoke: Wand              |       |     5 |       ||     5
  Use: Scroll            |     3 |     5 |       ||     8
       Potion            |     1 |     1 |     1 ||     3
Armor: Scale mail        |    36 |     2 |       ||    38
       Plate armour      |       |    46 |       ||    46
       Chain mail        |       |       |     8 ||     8
Dodge: Dodged            |    33 |    19 |     8 ||    60
Block: Buckler           |    18 |    12 |     7 ||    37
